 Dungeon Crawl Stone Soup version 0.28.0-45-g0d030f2227 (webtiles) character file.

Game seed: 4941035343429589145

137 Kziril the Skirmisher (level 5, -7/34 HPs)
             Began as a Gargoyle Fighter on Apr 19, 2022.
             Mangled by a two-headed ogre
             ... wielding a +0 giant spiked club
              (22 damage)
             ... on level 4 of the Dungeon.
             The game lasted 00:07:24 (3886 turns).

Kziril the Skirmisher (Gargoyle Fighter)            Turns: 3886, Time: 00:07:25

Health: -7/34      AC: 13    Str: 20    XL:     5   Next: 20%
Magic:  5/5        EV:  7    Int:  8    God:
Gold:   185        SH:  5    Dex: 17    Spells: 4/4 levels left

rFire   . . .      SeeInvis .   a - +0 flail
rCold   . . .      Faith    +   c - +0 buckler
rNeg    + . .      Spirit   .   q - +0 chain mail
rPois   ∞          Reflect  .   (no helmet)
rElec   +          Harm     .   (no cloak)
rCorr   .          Rampage  .   (no gloves)
Will    .....                   (no boots)
Stlth   ..........              k - amulet of faith
HPRegen 0.11/turn               i - +6 ring of dexterity
MPRegen 0.09/turn               (no ring)

@: no status effects
A: sickness immunity, AC +4, negative energy resistance 1, electricity
resistance, torment resistance 1, petrification resistance
a: no special abilities


You were on level 4 of the Dungeon.
You visited 1 branch of the dungeon, and saw 5 of its levels.

You collected 185 gold pieces.

Inventory:

Hand Weapons
 a - a +0 flail (weapon)
Armour
 c - a +0 buckler (worn)
 q - a +0 chain mail (worn)
Jewellery
 i - a +6 ring of dexterity (left hand)
 k - an amulet of faith (around neck)
Wands
 b - a wand of iceblast (8)
 l - a wand of digging (5)
 o - a wand of flame (12)
Scrolls
 e - a scroll of fear {unknown}
 f - a scroll of identify {unknown}
 g - a scroll of fog {unknown}
 j - a scroll of immolation {unknown}
 p - a scroll of magic mapping {unknown}
Potions
 d - 3 potions of might
 h - a potion of magic {unknown}
 m - 2 potions of degeneration {unknown}
 n - a potion of cancellation {unknown}


   Skills:
 * Level 4.4 Fighting
 + Level 2.9 Maces & Flails
 + Level 4.2 Armour
 + Level 4.1 Shields


You had 4 spell levels left.
You didn't know any spells.
Your spell library contained the following spells:

 Spells                   Type           Power      Damage    Failure   Level
 Stone Arrow              Conj/Erth      0%         3d7       100%        3
 Animate Armour           Summ/Erth      0%         N/A       100%        4
 Lehudib's Crystal Spear  Conj/Erth      0%         10d2      100%        8


Dungeon Overview and Level Annotations

Branches:
Dungeon (5/15)
 Temple: D:4-7

Altars:
Vehumet

Shops:
D:1 ?   D:2 !=**

Annotations:
D:5 Prince Ribbit


Innate Abilities, Weirdness & Mutations

You are immune to sickness and miasma.
Your stone body is resilient. (AC +4)
You are immune to poison.
You resist negative energy. (rN+)
You are resistant to electric shocks. (rElec)
You are resistant to unholy torment.
You are immune to petrification.


Message History

You closely miss the ufetubus.
The ufetubus is heavily wounded.
The ufetubus hits you but does no damage. x2
The ufetubus closely misses you. You block the ufetubus's attack.
You closely miss the ufetubus.
The ufetubus is heavily wounded.
The ufetubus hits you but does no damage. x2
You block the ufetubus's attack. The ufetubus barely misses you.
You barely miss the ufetubus.
The ufetubus is heavily wounded.
The ufetubus hits you but does no damage. x2
The ufetubus barely misses you.
The ufetubus hits you but does no damage.
You hit the ufetubus.
You kill the ufetubus!
There is an escape hatch in the ceiling here.
You now have 185 gold pieces (gained 12).
A kobold comes into view. It is wielding a +0 dagger.
You see here 5 gold pieces.
You hit the kobold.
The kobold is severely wounded.
The kobold hits you but does no damage.
You thump the kobold!
You kill the kobold!
A two-headed ogre comes into view.
It is wielding two +0 giant spiked clubs.
The two-headed ogre shouts in stereo!
Things that are here:
a +0 dagger; 2 stones; a kobold corpse A two-headed ogre is nearby!
The two-headed ogre hits you with a +0 giant spiked club!!
Ouch! That really hurt!
* * * LOW HITPOINT WARNING * * *
The two-headed ogre barely misses you.
Things that are here:
a +0 dagger; 2 stones; a kobold corpse
There is a stone staircase leading down here.
You see here a +0 buckler.
The two-headed ogre hits you with a +0 giant spiked club!!
Ouch! That really hurt!
You die...

#.#.............#..#.#
#.####'#........#.<#.#
#......#.....##)##.#'##
########....<##.......#
###......###.....# ###
#.....##.#####...#
..######.###........'...# ######
...............######...###....##
................@...>............
...............O.###....###....##
...######......#..##....###....#
...#....'.....###.##.####......#
##.#.####...#.###..#.####.....###
#.#.# ###......................
#.#.# #..........####.....###
#.#.# #.(.....#..# #.....#
##.#.######..[....#..# #.....#


You could see a two-headed ogre.

Vanquished Creatures
  A jelly (D:4)
  Ijyb (D:3)
  An ufetubus (D:4)
  An adder skeleton (D:4)
  A worm (D:2)
  3 dart slugs
  7 orcs
  2 bats
  4 endoplasms (D:2)
  2 giant cockroaches
  4 goblins
  7 hobgoblins
  A jackal (D:2)
  2 quokkas (D:1)
  7 ball pythons
  4 frilled lizards
  3 kobolds
  4 rats
55 creatures vanquished.

Notes
Turn   | Place    | Note
-------+----------+-------------------------------------------
     0 | D:1      | Kziril the Gargoyle Fighter began the quest for the Orb.
     0 | D:1      | Reached XP level 1. HP: 14/14 MP: 1/1
   221 | D:1      | Found Vurue's Magic Scroll Boutique.
   433 | D:1      | Found a faded altar of an unknown god.
   467 | D:1      | Reached XP level 2. HP: 19/19 MP: 2/2
  1066 | D:2      | Found Geychal's General Store.
  1078 | D:2      | Found Zumolieq's General Store.
  1217 | D:2      | Found Luheo's Distillery.
  1479 | D:2      | Reached XP level 3. HP: 23/23 MP: 3/3
  1981 | D:2      | Found Molury's Jewellery Shoppe.
  2360 | D:3      | Noticed Ijyb
  2388 | D:3      | Killed Ijyb
  2389 | D:3      | Reached XP level 4. HP: 15/29 MP: 4/4
  3040 | D:4      | Found a radiant altar of Vehumet.
  3427 | D:5      | Entered Level 5 of the Dungeon
  3438 | D:4      | Reached XP level 5. HP: 18/34 MP: 5/5
  3648 | D:5      | Noticed Prince Ribbit
  3802 | D:4      | Noticed a two-headed ogre
  3886 | D:4      | Mangled by a two-headed ogre

Illustrated notes

Levels and vault maps discovered:
D:1:      dpeg_arrival_central, layout_basic, serial_shops,
          nicolae_shop_window_shopping, shapermc_ecumenical_altar_mp_highgroup
D:2:      layout_basic, serial_shops, nicolae_shop_behind_doors,
          nicolae_shop_behind_doors, nicolae_shop_behind_doors, shop_fountains,
          minmay_vboxes
D:3:      layout_loops_ring, minmay_curled_crystal, uniq_ijyb
D:4:      layout_basic, vehumet_altar_wand_db
D:5:      layout_gridville, grunt_dithmenos_smoke,
          nicolae_overflow_crystal_walls, uniq_prince_ribbit1

Skill      XL: |  1  2  3  4 |
---------------+-------------+-----
Fighting       | 4 |  4.4
Armour         | 4 |  4.2
Shields        | 4 |  4.1
Maces & Flails | |  2.9

Action                   |  1- 3 |  4- 6 || total
-------------------------+-------+-------++-------
Melee: Flail             |   137 |    66 ||   203
Armor: Scale mail        |    67 |    19 ||    86
       Chain mail        |       |    21 ||    21
Dodge: Dodged            |    62 |    29 ||    91
Block: Buckler           |    28 |    13 ||    41
